 Dungeon Crawl Stone Soup version 0.24-a0-365-ga4d96b6e6e (webtiles) character file.

Game seed: 2951825589757719166

300187 vurker the Slayer (level 21, 0/206 HPs)
             Began as a Hill Orc Fighter on May 27, 2019.
             Was the Champion of Yredelemnul.
             Slain by Margery
             ... wielding a +4 great sword of slicing
              (21 damage)
             ... on level 15 of the Dungeon.
             The game lasted 02:42:08 (43923 turns).

vurker the Slayer (Hill Orc Fighter)               Turns: 43923, Time: 02:42:09

Health: 0/206      AC: 29    Str: 27    XL:     21   Next: 1%
Magic:  0/44       EV:  7    Int: 13    God:    Yredelemnul [******]
Gold:   1891       SH: 28    Dex: 12    Spells: 20/20 levels left

rFire    . . .     SeeInvis +   b - +4 broad axe (vamp) {!w}
rCold    + . .     Gourm    .   j - +0 large shield
rNeg     . . .     Faith    .   J - +2 plate armour {MR+}
rPois    +         Spirit   +   N - +2 helmet {SInv}
rElec    +         Reflect  +   a - scarf {Spirit}
rCorr    .         Harm     .   w - +2 pair of gloves of Baldness {Int+5}
MR       ++++.                  A - +1 pair of boots {Fly}
Stlth    ..........             g - +6 amulet of reflection
HPRegen  0.00/turn              X - ring "Ojeir" {rElec MP+9}
MPRegen  0.29/turn              r - ring of Qakk {rPois rC+ MR++}

@: flying
A: fangs 1, inhibited regeneration
}: 2/15 runes: decaying, gossamer
a: Recall Undead Slaves, Injury Mirror, Animate Dead, Drain Life, Enslave Soul,
Renounce Religion, Stop Flying


You were on level 15 of the Dungeon.
You worshipped Yredelemnul.
Yredelemnul was exalted by your worship.
You were not hungry.

You visited 7 branches of the dungeon, and saw 36 of its levels.
You also visited: Ice Cave.

You collected 3807 gold pieces.
You spent 1916 gold pieces at shops.

Inventory:

Hand Weapons
 b - a +4 vampiric broad axe (weapon) {!w}
   (You found it on level 2 of the Swamp)
Armour
 a - a scarf of spirit shield (worn)
   (You found it on level 2 of the Vaults)
 j - a +0 large shield (worn)
   (You took it off Louise on level 3 of the Swamp)
 w - the +2 pair of gloves of Baldness (worn) {Int+5}
   (You found it on level 1 of the Swamp)

   It affects your intelligence (+5).
 A - a +1 pair of boots of flying (worn)
   (You found it on level 4 of the Dungeon)
 J - a +2 plate armour of magic resistance (worn)
   (You took it off an orc warrior on level 2 of the Orcish Mines)
 N - a +2 helmet of see invisible (worn)
   (You bought it in a shop on level 2 of the Orcish Mines)
Jewellery
 g - a +6 amulet of reflection (around neck)
   (You found it on level 3 of the Lair of Beasts)
 r - the ring of Qakk (right hand) {rPois rC+ MR++}
   (You bought it in a shop on level 2 of the Orcish Mines)

   [ring of poison resistance]

   It protects you from cold.
   It protects you from poison.
   It affects your resistance to hostile enchantments.
 M - an uncursed amulet of guardian spirit
   (You found it on level 4 of the Lair of Beasts)
 O - the ring of the Dropbear {rPois MR+ Int+3}
   (You found it on level 5 of the Lair of Beasts)

   [ring of poison resistance]

   It affects your intelligence (+3).
   It protects you from poison.
   It affects your resistance to hostile enchantments.
 X - the ring "Ojeir" (left hand) {rElec MP+9}
   (You bought it in a shop on level 2 of the Orcish Mines)

   [ring of magical power]

   It insulates you from electricity.
   It affects your magic capacity (+9).
Wands
 d - a wand of iceblast (47)
   (You found it on level 5 of the Lair of Beasts)
 h - a wand of scattershot (7)
   (You found it on level 2 of the Vaults)
 k - a wand of clouds (4)
   (You took it off a big kobold on level 12 of the Dungeon)
 t - a wand of flame (75)
   (You took it off a hobgoblin on level 8 of the Dungeon)
 u - a wand of paralysis (21)
   (You found it on level 3 of the Swamp)
 x - a wand of acid (9)
   (You found it on level 4 of the Vaults)
 T - a wand of polymorph (2)
   (You took it off Maurice on level 1 of the Orcish Mines)
Scrolls
 i - 21 scrolls of identify {@r1}
 l - 2 scrolls of enchant armour
 m - 18 scrolls of remove curse {@r2}
 o - 3 scrolls of fog
 p - a scroll of magic mapping
 s - 11 scrolls of fear
 v - a scroll of silence
 y - 17 scrolls of teleportation {@r4}
 B - 8 scrolls of immolation {!r}
 C - a scroll of acquirement
 F - 3 scrolls of blinking
 K - a scroll of brand weapon
 Q - a scroll of summoning
Potions
 n - 6 potions of agility
 q - 19 potions of curing {@q1}
 D - 5 potions of haste {@q3}
 E - 4 potions of ambrosia
 G - a potion of berserk rage
 H - 5 potions of flight
 L - 4 potions of might
 R - 2 potions of invisibility
 S - 6 potions of lignification {!q}
 V - 6 potions of cancellation
 W - 5 potions of mutation {!q}
 Y - 4 potions of resistance
Comestibles
 e - 19 rations {!d}


   Skills:
 * Level 21.7 Fighting
 - Level 18.0 Axes
 + Level 16.9 Armour
 + Level 0.0 Dodging
 * Level 18.0 Shields
 - Level 20.2 Invocations


You had 20 spell levels left.
You didn't know any spells.
Your spell library contained the following spells:

 Spells                   Type           Power        Failure   Level  Hunger
 Animate Skeleton         Necr           N/A          99%         1    ##.....
 Apportation              Tloc           #.....       99%         1    ##.....
 Beastly Appendage        Tmut           #.....       99%         1    ##.....
 Confusing Touch          Hex            #.....       99%         1    ##.....
 Infusion                 Chrm           #...         99%         1    ##.....
 Magic Dart               Conj           #...         99%         1    ##.....
 Pain                     Necr           #...         99%         1    ##.....
 Shock                    Conj/Air       #...         99%         1    ##.....
 Summon Butterflies       Summ           #.......     99%         1    ##.....
 Summon Small Mammal      Summ           #...         99%         1    ##.....
 Blink                    Tloc           N/A          100%        2    ###....
 Call Imp                 Summ           #.......     100%        2    ###....
 Shroud of Golubria       Chrm/Tloc      #.........   100%        2    ###....
 Slow                     Hex            #.......     100%        2    ###....
 Song of Slaying          Chrm           #.......     100%        2    ###....
 Sticks to Snakes         Tmut           #.......     100%        2    ###....
 Swiftness                Chrm/Air       #.......     100%        2    ###....
 Confuse                  Hex            #.......     100%        3    ####...
 Conjure Flame            Conj/Fire      #.......     100%        3    ####...
 Gell's Gravitas          Tloc           #.........   100%        3    ####...
 Lesser Beckoning         Tloc           #.........   100%        3    ####...
 Mephitic Cloud           Conj/Pois/Air  #.......     100%        3    ####...
 Recall                   Summ/Tloc      N/A          100%        3    ####...
 Regeneration             Chrm/Necr      #.........   100%        3    ####...
 Spectral Weapon          Hex/Chrm       #.......     100%        3    ####...
 Spider Form              Tmut/Pois      #.........   100%        3    ####...
 Static Discharge         Conj/Air       #.......     100%        3    ####...
 Tukima's Dance           Hex            #.......     100%        3    ####...
 Vampiric Draining        Necr           #.........   100%        3    ####...
 Airstrike                Air            #.........   100%        4    #####..
 Animate Dead             Necr           N/A          100%        4    #####..
 Cause Fear               Hex            #.........   100%        4    #####..
 Ice Form                 Ice/Tmut       #.......     100%        4    #####..
 Leda's Liquefaction      Hex/Erth       #.........   100%        4    #####..
 Petrify                  Tmut/Erth      #.......     100%        4    #####..
 Summon Lightning Spire   Summ/Air       #.......     100%        4    #####..
 Alistair's Intoxication  Tmut/Pois      #.......     100%        5    ######.
 Blade Hands              Tmut           #.........   100%        5    ######.
 Bolt of Magma            Conj/Fire/Erth #.........   100%        5    ######.
 Borgnjor's Vile Clutch   Necr/Erth      #.........   100%        5    ######.
 Excruciating Wounds      Chrm/Necr      #.........   100%        5    ######.
 Irradiate                Conj/Tmut      #.........   100%        5    ######.
 Lightning Bolt           Conj/Air       #.........   100%        5    ######.
 Metabolic Englaciation   Hex/Ice        #.........   100%        5    ######.
 Silence                  Hex/Air        #.........   100%        5    ######.
 Yara's Violent Unravell  Hex/Tmut       #.........   100%        5    ######.
 Conjure Ball Lightning   Conj/Air       #.........   100%        6    #######
 Death Channel            Necr           #.........   100%        6    #######
 Deflect Missiles         Chrm/Air       #.........   100%        6    #######
 Hydra Form               Tmut           #.........   100%        6    #######
 Invisibility             Hex            #.......     100%        6    #######
 Iron Shot                Conj/Erth      #.........   100%        6    #######
 Simulacrum               Ice/Necr       #.........   100%        6    #######
 Statue Form              Tmut/Erth      #........    100%        6    #######
 Dragon Form              Tmut           #.........   100%        7    #######
 Malign Gateway           Summ/Tloc      #.........   100%        7    #######
 Discord                  Hex            #.........   100%        8    #######
 Disjunction              Tloc           #.........   100%        8    #######
 Shatter                  Erth           #.........   100%        9    #######
 Tornado                  Air            #.........   100%        9    #######


Dungeon Overview and Level Annotations

Branches:
Dungeon (15/15)            Temple (0/1) D:7            Lair (6/6) D:11
  Swamp (4/4) Lair:4       Spider (4/4) Lair:2        Slime (0/5) Lair:5
    Orc (2/2) D:9             Elf (0/3) Orc:2        Vaults (4/5) D:14
  Crypt (0/3) Vaults:2     Depths (1/5) D:15

Altars:
Cheibriados
Dithmenos
Elyvilon
Fedhas
Makhleb
Okawaru
Ru
Vehumet
Yredelemnul
Jiyva
Lugonu

Shops:
D:4 *   D:5 (   D:6 ?[([   D:7 %   D:12 [   D:14 !   Orc:1 %   Orc:2 (=(?[

Portals:
Trove: Vaults:2 (give +5 demon blade)

Annotations:
D:15 Margery
Lair:2 exclusion: 3 oklob plants
Vaults:2 3 runed translucent doors, melvinkitnick's ghost, adept VSFi


Innate Abilities, Weirdness & Mutations

You have very sharp teeth.
You do not regenerate when monsters are visible.


Message History

The deep troll barely misses you.
Your cyclops skeleton closely misses the hell knight.
The hell knight hits your cyclops skeleton with a +3 scimitar!!
Your cyclops skeleton is destroyed!
Margery points at your cyclops skeleton and mumbles some strange words.
The bolt of fire hits your cyclops skeleton!!!
Your cyclops skeleton is destroyed!
The hell knight shouts!
What are your orders? t - Shout!
Orders for allies: a - Attack new target. r - Retreat! s - Stop attacking. g - Guard the area. f - Follow me.
Anything else - Cancel.
Gang up on whom?
Aim: Margery, wielding a +4 great sword of slicing and wearing +1 fire dragon scales (severely wounded, hasn't noticed you) Attack!
Margery shouts!
You block the deep troll's attack. x2
The deep troll claws you but does no damage.
The hell knight casts a spell.
The hell knight blinks!
You block Margery's attack.
You block the deep troll's attack. x2; The deep troll claws you.
* * * LOW HITPOINT WARNING * * *
You barely miss Margery. You bite Margery, but do no damage.
You completely miss the deep troll. Margery casts a spell at you.
The bolt of fire hits you!!!
* * * LOW HITPOINT WARNING * * *
The bolt of fire misses you.
The bolt of fire misses Margery.
The bolt of fire hits the hell knight.
The hell knight completely resists.
You block the deep troll's attack. x3
You feel much better.
The hell knight casts a spell.
The hell knight blinks!
Margery gestures at you while chanting. The bolt of fire misses you.
The bolt of fire hits you!!!
* * * LOW HITPOINT WARNING * * *
The bolt of fire hits Margery!
Margery resists.
You block the deep troll's attack. x2
The deep troll claws you but does no damage.
Okay, then.
That's the wrong kind of item! (Use * to select it.) x2
Okay, then.
Aim: Margery, wielding a +4 great sword of slicing and wearing +1 fire dragon scales (severely wounded, chance to defeat MR: 0%)
Okay, then.
You feel much better.
Margery hits you with a +4 great sword of slicing!!
You die...
Your body rises from the dead as a mindless zombie.

#...(..#zZZ.....................
#.....Z#Z.Z.....................
#......#........................
#.....Z#........................
#......#........###.######......
#...#..##########.###ZZ#.#######
#...#..........#[..##Z.Z..#.....
#...#.........##T...#.##Z##.....
#...#.........#@@ยง)...##ZZ#.....
#...#.........##)[p.###ZZ.#.....
#...#..........#.).###.Z###.....
#...#...<......##.####Z##.......
##+##...........#####..Z########
#..................#..ZZ.#......
#..................#.....#......
#...............Z.Z##...##......
#................ZZZ##Z##.......


You could see Margery, a hell knight and a deep troll.

Vanquished Creatures
  A lich (Vaults:4)
  3 sphinxes (Vaults:4)
  A tengu reaver (Vaults:4)
  2 thorn hunters (Swamp:3)
  Gastronok (D:9)
  3 fire giants
  6 vault wardens
  3 frost giants
  2 ghost moths (Spider:4)
  2 emperor scorpions
  11 ironheart preservers
  A stone giant (Depths:1)
  3 very ugly things
  3 entropy weavers
  A spark wasp (Spider:4)
  2 ettins (D:15)
  A deep elf death mage (Vaults:2)
  A jiangshi (Vaults:2)
  Josephine (D:9)
  3 great orbs of eyes
  Erolcha (Orc:1)
  6 yaktaur captains
  3 vault guards
  An ice dragon (Vaults:4)
  2 rakshasas
  2 shambling mangroves
  A hydra (Lair:3)
  7 centaur warriors
  16 two-headed ogres
  A catoblepas (Lair:6)
  A ghost crab (Swamp:4)
  A deep troll shaman (Vaults:2)
  5 alligators
  9 ogre magi
  A queen ant (Spider:1)
  4 tengu warriors
  A deep troll earth mage (Vaults:3)
  A vampire mage (Vaults:2)
  6 death yaks
  3 orc high priests
  Urug (Lair:2)
  Nergalle (D:10)
  A storm dragon zombie (Vaults:2)
  8 skeletal warriors
  A deep elf knight (Vaults:2)
  A fire crab (Lair:5)
  A shadow wraith (Vaults:2)
  A swamp dragon (shapeshifter) (Vaults:4)
  2 unseen horrors
  5 deep trolls
  A wizard (D:15)
  A spriggan druid (Swamp:4)
  3 swamp dragons
  4 deep elf archers
  A phantasmal warrior (D:12)
  2 glowing orange brains
  3 necromancers
  A tengu zombie (Vaults:1)
  A lindwurm (Lair:6)
  9 orb spiders
  13 orc knights
  4 harpies (Vaults:4)
  16 wolf spiders
  3 cyclopes
  8 ironbrand convokers
  4 deep elf magi
  4 orc sorcerers
  28 ugly things
  4 manticores
  A fire giant zombie (Vaults:1)
  10 elephants
  A stone giant skeleton (Vaults:2)
  A moth of wrath (Spider:4)
  Joseph (D:9)
  Maurice (Orc:1)
  A black mamba (Lair:6)
  9 spiny frogs
  2 torpor snails
  7 vault sentinels
  4 rime drakes
  4 demonic crawlers
  A kobold demonologist (D:14)
  A redback zombie (Spider:3)
  3 freezing wraiths
  A yaktaur (shapeshifter) (Vaults:3)
  9 komodo dragons
  An ice devil (IceCv)
  10 yaktaurs
  4 trolls
  2 meliai (D:15)
  2 tengu conjurers (D:14)
  5 tyrant leeches
  19 jumping spiders
  A polar bear (Lair:6)
  15 hornets
  A polar bear (shapeshifter) (Vaults:1)
  4 bog bodies
  15 blink frogs
  A meliai zombie (D:15)
  16 slime creatures
  7 hippogriffs
  44 redbacks
  A spriggan (Swamp:2)
  4 wyverns (D:14)
  19 tarantellas
  7 wraiths
  A shadow (D:12)
  A human (D:6)
  27 yaks
  A human (shapeshifter) (Vaults:2)
  3 hungry ghosts
  11 vampire mosquitoes
  2 fire elementals (Lair:1)
  4 basilisks
  A fire bat (Lair:1)
  3 wargs
  4 insubstantial wisps
  A yaktaur simulacrum (Vaults:1)
  A deep troll zombie (Vaults:1)
  7 swamp worms
  18 soldier ants
  An acid dragon (D:14)
  12 water moccasins
  Duvessa (D:7)
  6 sky beasts
  4 hell hounds
  3 ice beasts
  13 porcupines
  7 swamp drakes
  32 orc warriors
  2 black bears (shapeshifter)
  2 eyes of draining
  A necrophage (D:10)
  A hornet zombie (D:12)
  17 ogres
  2 boggarts (D:15)
  7 wolves
  11 centaurs
  An elf skeleton (Vaults:1)
  3 crocodiles
  3 big kobolds
  19 bullfrogs
  Dowan (D:7)
  3 scorpions
  14 killer bees
  2 howler monkeys
  11 crimson imps
  A bullfrog zombie (D:12)
  8 hounds
  3 jellies
  18 orc priests
  2 gnoll shamans
  A bullfrog skeleton (D:7)
  4 centaur skeletons
  22 orc wizards
  3 iguanas
  15 worker ants
  4 spectral orcs (Orc:1)
  A howler monkey zombie (D:10)
  A worker ant zombie (D:6)
  12 gnolls
  11 adders
  3 shadow imps
  An adder zombie (D:8)
  An adder skeleton (D:4)
  6 worms
  A dart slug (D:3)
  7 leopard geckos
  99 orcs
  A ball python (D:3)
  A giant cockroach (D:7)
  8 goblins
  10 hobgoblins
  7 jackals
  2 quokkas
  7 bats
  2 frilled lizards
  9 kobolds
  2 kobold zombies (D:6)
  3 rats
  6 briar patches (Swamp:3)
  A bush (Lair:6)
  A demonic plant (D:14)
  5 plants
1043 creatures vanquished.

Vanquished Creatures (collateral kills)
  the Lernaean hydra (Swamp:4)
  Jorgrun (Swamp:3)
  A tentacled monstrosity (Vaults:4)
  A sphinx (Vaults:4)
  Agnes (D:14)
  3 thorn hunters
  A revenant (Vaults:2)
  Donald (Swamp:1)
  5 vault wardens
  2 ghost moths (Spider:4)
  4 emperor scorpions
  Louise (Swamp:3)
  4 very ugly things
  An ironheart preserver (Vaults:2)
  6 entropy weavers
  A stone giant (Vaults:4)
  2 deep elf annihilators (Vaults:2)
  The ghost of zkyp the Summoner, a journeyman TeSu of Ashenzari (Orc:1)
  2 spark wasps (Spider:4)
  A deep elf death mage (Vaults:2)
  7 slime creatures
  A great orb of eyes (Vaults:2)
  21 hydras
  A vault guard (Vaults:1)
  3 ice dragons (Vaults:2)
  3 yaktaur captains (Vaults:3)
  A shambling mangrove (Swamp:3)
  A ghost crab (Swamp:2)
  An ogre mage (Vaults:4)
  A death knight (Vaults:2)
  2 catoblepae (Lair:6)
  6 two-headed ogres
  2 centaur warriors
  6 alligators
  A deep troll shaman (D:15)
  A tengu warrior (D:14)
  3 death yaks
  A deep elf knight (Vaults:2)
  7 skeletal warriors
  A shadow wraith (Vaults:3)
  2 fire crabs
  A deep troll (Vaults:3)
  7 swamp dragons
  A flayed ghost (Lair:1)
  A hell knight (D:15)
  A spriggan druid (Swamp:4)
  A deep elf archer (Vaults:1)
  2 phantasmal warriors
  A wizard (Vaults:2)
  4 orc knights
  7 ironbrand convokers
  7 deep elf magi
  2 necromancers (Vaults:1)
  2 harpies (Vaults:4)
  An orc sorcerer (Orc:1)
  16 wolf spiders
  13 ugly things
  3 oklob plants
  11 orb spiders
  5 cyclopes
  A frost giant zombie (Vaults:1)
  2 manticores
  5 elephants
  2 black mambas
  A fire giant skeleton (Vaults:1)
  3 vault sentinels
  A gargoyle (D:15)
  4 torpor snails
  A centaur skeleton (D:15)
  2 komodo dragons
  8 yaktaurs
  5 spiny frogs
  2 rime drakes
  A redback zombie (Spider:1)
  2 kobold demonologists (D:14)
  An efreet (D:14)
  2 freezing wraiths
  7 demonic crawlers
  An ice devil (Lair:2)
  2 trolls
  22 jumping spiders
  A meliai (D:15)
  A jumping spider (shapeshifter) (Vaults:2)
  15 hornets
  A meliai (shapeshifter) (Vaults:2)
  13 bog bodies
  5 tyrant leeches
  6 blink frogs
  4 hippogriffs
  2 wraiths
  41 redbacks
  A vampire (Lair:1)
  15 tarantellas
  2 shadows
  2 wyverns (D:14)
  3 spriggans (Swamp:4)
  A tarantella (shapeshifter) (Vaults:2)
  9 yaks
  4 basilisks
  2 hungry ghosts (D:12)
  A steam dragon (D:13)
  19 vampire mosquitoes
  8 swamp worms
  A warg (Orc:1)
  4 soldier ants (Spider:1)
  2 insubstantial wisps (Swamp:3)
  4 porcupines
  An ice beast (D:12)
  3 orc warriors
  6 swamp drakes
  A black bear (shapeshifter) (D:14)
  4 ogres
  2 wolves
  3 boggarts
  3 crocodiles
  2 centaurs
  A glowing shapeshifter simulacrum (Vaults:2)
  3 bullfrogs
  2 human zombies (Vaults:1)
  A deep troll simulacrum (Vaults:2)
  2 electric eels (Spider:4)
  2 wights (D:12)
  A crimson imp (D:14)
  3 orc priests
  An orc wizard (Vaults:2)
  A bullfrog skeleton (D:12)
  A spectral orc (Orc:1)
  13 worker ants (Spider:1)
  A troll simulacrum (Orc:1)
  8 orcs
  3 briar patches (Swamp:2)
  2 bushes (Lair:6)
  A demonic plant (D:14)
  18 fungi
  9 plants
538 creatures vanquished.

Vanquished Creatures (others)
  Nikola (Swamp:1)
  3 bone dragons
  A thorn hunter (Swamp:2)
  A ghoul (Spider:2)
  A stone giant (Depths:1)
  A vampire knight (Vaults:4)
  Nessos (Orc:1)
  A very ugly thing zombie (Vaults:2)
  A spectral human (D:14)
  2 yaktaur captains
  3 centaur warriors
  A spriggan (Swamp:2)
  6 skeletal warriors
  5 flayed ghosts
  3 phantasmal warriors
  An ugly thing zombie (Vaults:2)
  A necromancer (Vaults:2)
  3 wolf spider zombies
  A cyclops (D:15)
  2 centaur zombies
  A vault sentinel (Vaults:2)
  A death yak zombie (Lair:6)
  4 human zombies
  8 redback zombies
  5 yaktaurs (Vaults:2)
  A catoblepas skeleton (Lair:6)
  3 hydra zombies
  A jumping spider (Spider:4)
  A hornet (Swamp:2)
  A tyrant leech (Swamp:2)
  A bog body (Swamp:4)
  An alligator zombie (Swamp:3)
  A blink frog (Swamp:4)
  3 jumping spider zombies
  A meliai zombie (D:15)
  11 flying skulls
  An alligator skeleton (Swamp:4)
  A black mamba zombie (Lair:6)
  A shadow (D:15)
  A spriggan zombie (Swamp:4)
  A wraith (D:14)
  5 vampires
  A tyrant leech zombie (Swamp:4)
  3 elf zombies
  A vampire mosquito (Swamp:3)
  A swamp worm (Swamp:4)
  2 two-headed ogre zombies
  2 spiny frog zombies
  2 orb spider zombies
  A two-headed ogre skeleton (D:12)
  A manticore zombie (D:15)
  An elephant zombie (Lair:6)
  A swamp drake (Swamp:2)
  2 swamp dragon zombies (Swamp:4)
  A tengu skeleton (D:12)
  3 hornet zombies
  6 blink frog zombies
  A manticore skeleton (Lair:6)
  2 blink frog skeletons
  5 elephant skeletons
  A lindwurm skeleton (Lair:6)
  6 vampire mosquito zombies
  A yaktaur zombie (Vaults:2)
  A rime drake skeleton (Lair:2)
  3 komodo dragon zombies
  A hippogriff zombie (Lair:3)
  2 komodo dragon skeletons
  3 cyclops zombies
  A water moccasin zombie (Lair:1)
  2 cyclops skeletons (D:15)
  A warg skeleton (Orc:1)
  4 wights
  A polar bear skeleton (Lair:6)
  4 yak skeletons (Lair:6)
  2 troll skeletons
  A wolf zombie (Lair:1)
  2 bullfrog zombies (D:12)
  3 basilisk zombies
  7 soldier ant zombies (Spider:1)
  2 bullfrog skeletons
  An orc priest (Orc:2)
  5 bog body skeletons
  A porcupine zombie (Lair:2)
  4 porcupine skeletons
  7 ogre zombies
  A sky beast zombie (D:12)
  2 human skeletons
  A mummy (Lair:4)
  9 worker ant zombies
  29 orc zombies
  A scorpion zombie (D:12)
  3 swamp drake zombies
  3 orcs
  6 orc skeletons
  5 briar patches (Swamp:2)
  2 bushes (Swamp:4)
  A demonic plant (D:14)
  14 fungi
  13 plants
285 creatures vanquished.

Grand Total: 1866 creatures vanquished

Notes
Turn   | Place    | Note
-------+----------+-------------------------------------------
     0 | D:1      | vurker the Hill Orc Fighter began the quest for the Orb.
     0 | D:1      | Reached XP level 1. HP: 19/19 MP: 1/1
   193 | D:1      | Reached XP level 2. HP: 27/27 MP: 2/2
   392 | D:1      | You fall into a shaft and drop 1 floor!
   399 | D:2      | Reached skill level 4 in Fighting
   406 | D:2      | Reached XP level 3. HP: 18/33 MP: 3/3
   758 | D:2      | Reached XP level 4. HP: 22/40 MP: 4/4
  1767 | D:3      | Reached skill level 5 in Axes
  1888 | D:3      | Reached XP level 5. HP: 24/47 MP: 5/5
  2324 | D:3      | Found a faded altar of an unknown god.
  2385 | D:3      | Found a snail-covered altar of Cheibriados.
  2581 | D:4      | Found Zuocau's Assorted Antiques.
  3240 | D:5      | Entered Level 5 of the Dungeon
  3242 | D:5      | Noticed a centaur
  3257 | D:5      | Killed a centaur
  3257 | D:5      | Reached skill level 5 in Fighting
  3257 | D:5      | Reached XP level 6. HP: 45/56 MP: 6/6
  3275 | D:5      | Noticed a sky beast
  3283 | D:5      | Killed a sky beast
  3395 | D:5      | Found an iron altar of Okawaru.
  3396 | D:5      | Found a radiant altar of Vehumet.
  3471 | D:5      | Found Ysitetol's Weapon Boutique.
  3525 | D:5      | Found a burning altar of Makhleb.
  3530 | D:5      | Reached skill level 5 in Armour
  3530 | D:5      | Reached XP level 7. HP: 57/61 MP: 7/7
  3824 | D:5      | Found a sacrificial altar of Ru.
  4221 | D:6      | Found Soimior's Antique Weapon Boutique.
  4376 | D:6      | Found Amidyg's Magic Scroll Shoppe.
  4501 | D:7      | Reached skill level 6 in Fighting
  4634 | D:7      | Noticed Duvessa
  4677 | D:7      | Killed Duvessa
  4677 | D:7      | Reached XP level 8. HP: 30/71 MP: 8/8
  5023 | D:7      | Noticed Dowan
  5401 | D:6      | Reached skill level 7 in Fighting
  5412 | D:7      | Killed Dowan
  5465 | D:6      | Reached skill level 10 in Axes
  5478 | D:6      | Found Akink's Antique Armour Shoppe.
  5674 | D:6      | Found Etzuu's Antique Armour Shop.
  5687 | D:6      | Found a runed translucent door.
  5956 | D:6      | Found a basalt altar of Yredelemnul.
  6171 | D:6      | Identified a scroll of acquirement
  6266 | D:6      | Reached skill level 8 in Fighting
  6266 | D:6      | Reached XP level 9. HP: 76/81 MP: 9/9
  6283 | D:6      | Became a worshipper of Yredelemnul the Dark
  6411 | D:7      | Found Zichuex's Food Shoppe.
  6435 | D:7      | Reached skill level 1 in Invocations
  6450 | D:7      | Found a white marble altar of Elyvilon.
  6552 | D:7      | Found a staircase to the Ecumenical Temple.
  6870 | D:8      | Found a blossoming altar of Fedhas.
  7345 | D:8      | Reached skill level 9 in Fighting
  7430 | D:8      | Reached * piety under Yredelemnul
  7438 | D:8      | Found a radiant altar of Vehumet.
  7801 | D:8      | Reached XP level 10. HP: 68/91 MP: 13/13
  7893 | D:8      | Reached skill level 5 in Invocations
  7974 | D:9      | Noticed a two-headed ogre
  7984 | D:9      | Killed a two-headed ogre
  7999 | D:9      | Noticed a two-headed ogre
  8015 | D:9      | Killed a two-headed ogre
  8015 | D:9      | Reached skill level 10 in Fighting
  8548 | D:9      | Noticed Joseph
  8659 | D:9      | Found a staircase to the Orcish Mines.
  8682 | D:9      | Killed an unseen horror
  8794 | D:9      | Noticed Gastronok
  8810 | D:9      | Killed Gastronok
  8810 | D:9      | Reached skill level 11 in Fighting
  8810 | D:9      | Reached skill level 15 in Axes
  8810 | D:9      | Reached XP level 11. HP: 102/102 MP: 15/17
  9147 | D:9      | Reached ** piety under Yredelemnul
  9234 | D:9      | Killed Joseph
  9358 | D:10     | Entered Level 10 of the Dungeon
 10177 | D:10     | Noticed Nergalle
 10196 | D:10     | Killed Nergalle
 10354 | D:11     | Found a staircase to the Lair.
 10640 | D:11     | Noticed a skeletal warrior
 10641 | D:11     | Noticed a skeletal warrior
 10681 | D:11     | Noticed a manticore
 10694 | D:10     | Killed a manticore
 11113 | D:11     | Noticed a skeletal warrior
 11113 | D:11     | Noticed a skeletal warrior
 11177 | D:10     | Killed a skeletal warrior
 11871 | D:10     | Killed a skeletal warrior
 11922 | D:10     | Killed a skeletal warrior
 11922 | D:10     | Reached XP level 12. HP: 68/112 MP: 19/19
 12172 | D:11     | Reached skill level 12 in Fighting
 12172 | D:11     | Reached skill level 5 in Shields
 12412 | Lair:1   | Entered Level 1 of the Lair of Beasts
 12433 | Lair:1   | Reached skill level 10 in Invocations
 12749 | Lair:1   | Reached *** piety under Yredelemnul
 13052 | Lair:1   | Found a transporter.
 13084 | Lair:1   | Found a transporter.
 13155 | Lair:1   | Got a heavily runed ring mail
 13626 | Lair:2   | Found a hole to the Spider Nest.
 13741 | Lair:2   | Received a gift from Yredelemnul (4 flying skulls)
 13855 | Lair:2   | Found a frozen archway.
 13875 | IceCv    | Entered an ice cave
 14245 | Lair:2   | Identified the +1 ring mail "Nugaolut" {rPois rC+ Str+3}
                  | (You found it on level 1 of the Lair of Beasts)
 14881 | Lair:3   | Noticed a six-headed hydra
 14962 | Lair:3   | Killed a six-headed hydra
 15048 | Lair:3   | Noticed Urug
 15178 | Lair:2   | Killed Urug
 15276 | Lair:3   | Noticed a death yak
 15288 | Lair:3   | Killed a death yak
 15612 | Lair:3   | Received a gift from Yredelemnul (a wight)
 15616 | Lair:3   | Reached XP level 13. HP: 114/119 MP: 21/21
 15971 | Lair:4   | Found a staircase to the Swamp.
 15986 | Lair:4   | Reached skill level 13 in Fighting
 16013 | Lair:4   | Received a gift from Yredelemnul (a mummy)
 17032 | Lair:5   | Received a gift from Yredelemnul (2 flying skulls)
 17250 | Lair:5   | Found a runed translucent door.
 17441 | Lair:5   | Got a steaming tin ring
 17594 | Lair:5   | Found a viscous altar of Jiyva.
 17594 | Lair:5   | Found a staircase to the Slime Pits.
 18251 | Lair:6   | Entered Level 6 of the Lair of Beasts
 18743 | Lair:6   | Reached **** piety under Yredelemnul
 19052 | Lair:6   | Reached XP level 14. HP: 99/130 MP: 18/23
 19062 | Lair:6   | Received a gift from Yredelemnul (a vampire)
 19264 | Lair:6   | Reached skill level 14 in Fighting
 19384 | Lair:6   | Reached skill level 10 in Armour
 19650 | Lair:6   | Received a gift from Yredelemnul (a wight)
 20479 | Orc:1    | Entered Level 1 of the Orcish Mines
 20479 | Orc:1    | Found a runed translucent gate.
 20479 | Orc:1    | Found a runed translucent gate.
 20479 | Orc:1    | Found a runed translucent gate.
 20479 | Orc:1    | Noticed Josephine
 20604 | D:9      | Killed Josephine
 20632 | Orc:1    | Noticed zkyp's ghost (journeyman TeSu)
 20700 | D:9      | Identified the ring of the Dropbear {rPois MR+ Int+3} (You
                  | found it on level 5 of the Lair of Beasts)
 20781 | Orc:1    | Noticed Maurice
 20797 | Orc:1    | Killed Maurice
 20916 | Orc:1    | Reached ***** piety under Yredelemnul
 20962 | Orc:1    | Found Xiut Xaz Add's Food Boutique.
 21131 | Orc:1    | Your ally Maurice died
 21152 | Orc:1    | Received a gift from Yredelemnul (a wight)
 21165 | Orc:1    | Killed zkyp's ghost
 21353 | Orc:2    | Entered Level 2 of the Orcish Mines
 21356 | Orc:2    | Noticed Nessos
 21370 | Orc:1    | Killed Nessos
 21461 | Orc:2    | Noticed Erolcha
 21584 | Orc:1    | Reached skill level 10 in Shields
 21891 | Orc:1    | Killed Erolcha
 22110 | Orc:2    | Received a gift from Yredelemnul (a wight)
 22111 | Orc:2    | Found a staircase to the Elven Halls.
 22210 | Orc:2    | Found Vikoats's Weapon Shop.
 22345 | Orc:2    | Found Hetyzom's Antique Armour Shop.
 23013 | Orc:2    | Gained mutation: You do not regenerate when monsters are
                  | visible. [a neqoxec]
 23014 | Orc:2    | Gained mutation: You occasionally shout uncontrollably at
                  | your foes. [a neqoxec]
 23026 | Orc:2    | Gained mutation: You have very sharp teeth. [a neqoxec]
 23338 | Orc:2    | Found Samnit's Jewellery Shoppe.
 23345 | Orc:2    | Found Wouck's Antique Weapon Shop.
 23346 | Orc:2    | Found Siteodeo's Magic Scroll Shoppe.
 23508 | Orc:2    | Bought a runed helmet for 232 gold pieces
 23528 | Orc:2    | Bought the ring of Qakk {rPois rC+ MR++} for 636 gold
                  | pieces
 23687 | D:12     | Found Hanoopy's Antique Armour Boutique.
 23708 | D:12     | Bought a runed helmet for 202 gold pieces
 23860 | D:12     | Reached skill level 15 in Fighting
 23932 | D:12     | Identified the +8 mace of Springtime {vamp, rElec Dex+2}
 23933 | D:12     | Reached XP level 15. HP: 136/141 MP: 17/25
 23944 | D:12     | Received a gift from Yredelemnul (a skeletal warrior)
 23981 | D:12     | Received a gift from Yredelemnul (a vampire)
 24446 | D:12     | Received a gift from Yredelemnul (a skeletal warrior)
 25107 | D:13     | Received a gift from Yredelemnul (5 flying skulls)
 25299 | D:14     | Noticed Rupert
 25314 | D:14     | Killed Rupert
 25314 | D:14     | Enslaved Rupert
 25586 | D:14     | Found Pinet's Distillery.
 25594 | D:14     | Bought a potion of curing for 36 gold pieces
 25594 | D:14     | Bought a potion of curing for 36 gold pieces
 25594 | D:14     | Bought a potion of curing for 36 gold pieces
 25594 | D:14     | Bought a potion of lignification for 36 gold pieces
 25594 | D:14     | Bought a potion of curing for 36 gold pieces
 25594 | D:14     | Bought a potion of curing for 36 gold pieces
 25594 | D:14     | Bought a potion of haste for 120 gold pieces
 25639 | D:14     | Noticed Agnes
 25646 | D:14     | Killed Agnes
 25711 | D:14     | Found a corrupted altar of Lugonu.
 25760 | D:14     | Received a gift from Yredelemnul (a wraith)
 25918 | D:14     | Found a gate to the Vaults.
 26155 | D:14     | Your ally Rupert died
 26181 | D:14     | Reached skill level 15 in Invocations
 26196 | D:14     | Received a gift from Yredelemnul (a flayed ghost)
 26324 | D:14     | Received a gift from Yredelemnul (a vampire)
 26505 | D:15     | Entered Level 15 of the Dungeon
 26685 | D:15     | Found a staircase to the Depths.
 26779 | D:15     | Received a gift from Yredelemnul (a vampire)
 26912 | D:15     | Reached ****** piety under Yredelemnul
 26980 | D:15     | Received a gift from Yredelemnul (a bone dragon)
 27028 | D:15     | Found a shadowy altar of Dithmenos.
 27079 | D:15     | Reached skill level 16 in Fighting
 27372 | D:15     | Reached XP level 16. HP: 151/151 MP: 27/27
 27759 | Lair:1   | Identified the Handbook of Lucky Translocation
 27859 | Swamp:1  | Entered Level 1 of the Swamp
 27859 | Swamp:1  | Noticed Donald
 27872 | Swamp:1  | Killed Donald
 28630 | Swamp:2  | Identified the +2 pair of gloves of Baldness {Int+5}
 28630 | Swamp:2  | Noticed Nikola
 28632 | Swamp:2  | Noticed a thorn hunter
 28640 | Swamp:2  | Killed a thorn hunter
 28692 | Swamp:2  | Noticed a thorn hunter
 29052 | Swamp:1  | Killed a thorn hunter
 29058 | Swamp:1  | Received a gift from Yredelemnul (a bone dragon)
 29066 | Swamp:1  | Killed Nikola
 29795 | Swamp:3  | Received a gift from Yredelemnul (a vampire)
 29883 | Swamp:3  | Noticed a thorn hunter
 29891 | Swamp:3  | Killed a thorn hunter
 29904 | Swamp:3  | Noticed a thorn hunter
 29918 | Swamp:3  | Killed a thorn hunter
 29969 | Swamp:3  | Noticed a thorn hunter
 29975 | Swamp:3  | Killed a thorn hunter
 30076 | Swamp:3  | Received a gift from Yredelemnul (a flayed ghost)
 30443 | Swamp:3  | Noticed Jorgrun
 30461 | Swamp:3  | Killed Jorgrun
 30468 | Swamp:3  | Noticed Louise
 30476 | Swamp:3  | Killed Louise
 31240 | Swamp:4  | Entered Level 4 of the Swamp
 31248 | Swamp:4  | Received a gift from Yredelemnul (a phantasmal warrior)
 31369 | Swamp:4  | Received a gift from Yredelemnul (a bone dragon)
 31439 | Swamp:4  | Noticed a thorn hunter
 31440 | Swamp:4  | Received a gift from Yredelemnul (a vampire)
 31442 | Swamp:4  | Paralysed by a hornet for 2 turns
 31443 | Swamp:4  | Reached XP level 17. HP: 110/160 MP: 29/29
 31460 | Swamp:4  | Received a gift from Yredelemnul (a flayed ghost)
 31508 | Swamp:4  | Reached skill level 17 in Fighting
 31785 | Swamp:4  | Noticed the 27-headed Lernaean hydra
 31798 | Swamp:4  | Killed the 27-headed Lernaean hydra
 32190 | Swamp:4  | Got a decaying rune of Zot
 32298 | Swamp:4  | Got a spiked scale mail
 32752 | Orc:2    | Bought the ring "Ojeir" {rElec MP+9} for 510 gold pieces
 32790 | Orc:2    | Got a slimy helmet
 32801 | Orc:2    | Identified the -1 helmet of Voibloal {+Inv rC+ Regen+} (You
                  | acquired it on level 2 of the Orcish Mines)
 32990 | Spider:1 | Entered Level 1 of the Spider Nest
 33031 | Spider:1 | Received a gift from Yredelemnul (a phantasmal warrior)
 33146 | Spider:1 | Received a gift from Yredelemnul (a bone dragon)
 33234 | Spider:1 | Reached skill level 15 in Shields
 33245 | Spider:1 | Received a gift from Yredelemnul (a bone dragon)
 33419 | Spider:1 | Received a gift from Yredelemnul (a ghoul)
 34344 | Spider:2 | Received a gift from Yredelemnul (a bone dragon)
 34732 | Spider:3 | Received a gift from Yredelemnul (a skeletal warrior)
 34799 | Spider:3 | Received a gift from Yredelemnul (a vampire)
 34864 | Spider:3 | Received a gift from Yredelemnul (a flayed ghost)
 35276 | Spider:3 | Reached skill level 18 in Fighting
 35297 | Spider:3 | Received a gift from Yredelemnul (a vampire)
 35306 | Spider:3 | Reached XP level 18. HP: 172/172 MP: 30/30
 35606 | Spider:4 | Entered Level 4 of the Spider Nest
 35887 | Spider:4 | Received a gift from Yredelemnul (a ghoul)
 36050 | Spider:4 | Received a gift from Yredelemnul (a flayed ghost)
 36144 | Spider:4 | Reached skill level 15 in Armour
 36286 | Spider:4 | Got a gossamer rune of Zot
 36892 | Vaults:1 | Entered Level 1 of the Vaults
 37774 | Vaults:1 | Reached skill level 19 in Fighting
 37896 | Vaults:1 | Received a gift from Yredelemnul (a vampire knight)
 38199 | Vaults:1 | Received a gift from Yredelemnul (a skeletal warrior)
 38400 | Vaults:1 | Got an ominously black robe
 38564 | Vaults:1 | Received a gift from Yredelemnul (a skeletal warrior)
 38599 | Vaults:1 | Reached XP level 19. HP: 183/183 MP: 32/32
 39254 | Vaults:2 | Reached skill level 20 in Fighting
 39269 | Vaults:2 | Received a gift from Yredelemnul (a skeletal warrior)
 39618 | Vaults:2 | Found a staircase to the Crypt.
 39668 | Vaults:2 | Received a gift from Yredelemnul (a flayed ghost)
 40678 | Vaults:2 | Found a portal to a secret trove of treasure.
 40848 | Vaults:2 | Found a runed translucent gate.
 40848 | Vaults:2 | Found a runed translucent gate.
 40848 | Vaults:2 | Found a runed translucent gate.
 40850 | Vaults:2 | Noticed melvinkitnick's ghost (adept VSFi)
 41077 | Vaults:3 | Received a gift from Yredelemnul (a phantasmal warrior)
 41113 | Vaults:3 | Reached XP level 20. HP: 195/195 MP: 33/33
 41324 | Vaults:3 | Received a gift from Yredelemnul (a skeletal warrior)
 41504 | Vaults:3 | Reached skill level 21 in Fighting
 41652 | Vaults:3 | Received a gift from Yredelemnul (a vampire knight)
 42109 | Vaults:3 | Got a dazzling shield
 42214 | Vaults:3 | Identified the +2 shield "Maock" {*Contam rElec Regen+
                  | Slay+6} (You found it on level 3 of the Vaults)
 42221 | Vaults:3 | Lost mutation: You occasionally shout uncontrollably at
                  | your foes. [mutagenic glow]
 42387 | Vaults:4 | Received a gift from Yredelemnul (a skeletal warrior)
 42509 | Vaults:4 | Received a gift from Yredelemnul (a flayed ghost)
 42816 | Vaults:4 | Received a gift from Yredelemnul (a vampire knight)
 43214 | Vaults:4 | Received a gift from Yredelemnul (a ghoul)
 43599 | Depths:1 | Entered Level 1 of the Depths
 43684 | Depths:1 | Noticed Margery
 43903 | D:15     | Reached XP level 21. HP: 206/206 MP: 35/35
 43922 | D:15     | HP: 2/206 [Margery/bolt of fire (49)]
 43923 | D:15     | Slain by Margery

Levels and vault maps discovered:
D:1:      kennysheep_arrival_seaside, layout_rooms
D:2:      layout_basic, serial_bayou_crossing
D:3:      layout_rooms, lemuel_crystal_altar, chequers_ecumenical_altar_grove
D:4:      layout_basic, first_ration, serial_shops, shop
D:5:      layout_basic, makhleb_heckhound_becter,
          nicolae_ru_the_path_less_chosen, gammafunk_temple_overflow_statue,
          serial_shops, shop, hangedman_decor_diamond_cutter
D:6:      layout_basic, serial_shops, kennysheep_mini_moat, shop,
          nicolae_shop_behind_doors, shop, roderic_malta_cross,
          dk_yredelemnul_ordeal
D:7:      layout_basic, elyvilon_altar_4, minmay_temple_entry_glassed_door,
          serial_shops, nicolae_shop_crystal, uniq_duvessa
D:8:      layout_basic, marbit_many_paths, vehumet_altar_wand_db
D:9:      layout_loops_ring, orc_0_dummy, uniq_gastronok, uniq_joseph
D:10:     layout_loops_cross, uniq_nergalle
D:11:     layout_layer_cave, david_lair_generic
D:12:     minmay_the_grid_square_5x5_4x4 [minmay_the_grid_square_5x5_longway,
          minmay_the_grid_square_5x5_three_small,
          minmay_the_grid_square_5x5_fat_x, minmay_the_grid_square_5x5_eight,
          minmay_the_grid_square_5x5_mess,
          minmay_the_grid_square_5x5_prize_itemx,
          minmay_the_grid_square_5x5_prize_open,
          minmay_the_grid_square_5x5_moneybag,
          minmay_the_grid_square_5x5_bracketed,
          minmay_the_grid_square_5x5_prize_monsterx,
          minmay_the_grid_square_5x5_prize_snowflake,
          minmay_the_grid_square_5x5_six,
          minmay_the_grid_square_5x5_intrusive_squares,
          minmay_the_grid_square_5x5_minibox, minmay_the_grid_square_5x5_plus,
          minmay_the_grid_square_5x5_two], layout_loops_ring, serial_shops, shop
D:13:     layout_rooms
D:14:     kennysheep_kobold_lugonu_temple, layout_long_grid, david_vaults_5,
          special_room [special_room_mythical_zoo], serial_shops, shop,
          uniq_agnes, uniq_rupert
D:15:     gammafunk_enter_depths_forms, layout_grid_maze,
          nicolae_dithmenos_the_darkroom
Lair:1:   gammafunk_cloud_chamber, layout_chaotic_city, beast_lair_carwin_7
Lair:2:   layout_small_grid, spider_nest_entry_web_field, portal_ice_cave_rime,
          disabler_island, grunt_megastairs_5
Lair:3:   layout_long_grid, uniq_urug
Lair:4:   layout_cave_pods, minmay_swamp_entry_wisps
Lair:5:   gammafunk_mikee_crab_dinner, layout_long_grid,
          dpeg_slime_entry_enclosed_altar, beast_lair_carwin_11
Lair:6:   evilmike_catoblepas_cave, layout_long_grid, minmay_lair_oklob_bushes,
          serial_bayou_shore_a
Swamp:1:  layout_basic_swamp, evilmike_swamp_ruin_house_4, uniq_donald
Swamp:2:  layout_falls_marsh, hangedman_swamp_blocks, uniq_nikola
Swamp:3:  nicolae_swamp_phyte_club, layout_falls_marsh, hangedman_swamp_cone,
          uniq_jorgrun, uniq_louise
Swamp:4:  grunt_swamp_rune_castle, layout_basic_swamp, swamp_pool1,
          infiniplex_staircase_pool_2
Spider:1: layout_spider_delve, zaba_anthell
Spider:2: layout_spider_delve, spiders_nest_hornet_nest
Spider:3: nicolae_spider_corner
Spider:4: spider_rune_water, guppyfry_spider_mini_2
Orc:1:    layout_caves, serial_shops, shop_fountains,
          gammafunk_ghost_necromancy, uniq_josephine, uniq_maurice
Orc:2:    st_orc_elflike, layout_caves, serial_shops, nicolae_shop_crystal,
          rock_pile, uniq_nessos, uniq_erolcha
Vaults:1: grunt_vaults_swirl, ontoclasm_vaults_decontamination,
          nicolae_vaults_windows_and_doors_thing, nicolae_vaults_sealed_display,
          nicolae_vaults_an_arrangement, nicolae_vaults_what_the_h, v_misc_12,
          vaults_room_large_hall, v_alt_pattern_2,
          nicolae_vaults_ring_of_whatevers, nicolae_vaults_asterisk,
          nicolae_vaults_circle_grid_b, ontoclasm_vaults_misaligned,
          layout_vaults_big_cross
Vaults:2: gammafunk_vaults_ghost_tricky_traps,
          nicolae_vaults_stairing_the_circle, minmay_crypt_entry_simple_box,
          v_misc_8, vaults_dpeg_ring, hangedman_vaults_maws,
          nicolae_vaults_circle_grid_b, nicolae_vaults_shelves_hall,
          ontoclasm_vaults_pinch, vaults_mumra_hex, nicolae_vaults_minivaults,
          v_alt_pattern_2, nicolae_vaults_gold_heap, v_misc_18, v_rooms_5,
          v_misc_16, layout_vaults_omnibox, nicolae_trove_entry_columns
Vaults:3: serial_ice_m, ontoclasm_vaults_tryst, grunt_vaults_funnel, v_misc_13,
          vaults_mumra_minichess_inversion, nicolae_vaults_border_crossing,
          nicolae_vaults_network_barrier, st_lattice, nicolae_vaults_theta,
          nicolae_vaults_network_square, layout_vaults_big_room
Vaults:4: ontoclasm_vaults_ring_small, v_misc_30, v_alt_pattern_2,
          nicolae_vaults_theta, dpeg_vaults_monster_row,
          nicolae_vaults_branching_niches, ontoclasm_vaults_claustrophobia,
          v_misc_11, layout_vaults_maze_bifur
Depths:1: layout_cave_pools, enter_ziggurat_b, grunt_metal_band,
          serial_sigils_hangedman_scratch, abyss_entry, horrible_house_mu,
          serial_bayou_shore_b

Skill      XL: |  1  2  3  4  5  6  7  8  9 10 11 12 13 14 15 16 17 18 19 20 |
---------------+-------------------------------------------------------------+-----
Axes           | 3 4 5 6 7 9 11 13 15 16 17 18 | 18.0
Fighting       | 4 5 6 8 9 11 12 13 15 16 18 19 20 21 | 21.7
Armour         | 4 5 6 7 9 11 12 13 14 15 16 | 16.9
Invocations    | 4 8 9 11 12 14 15 16 17 18 19 20 | 20.2
Shields        | 4 7 8 10 12 14 15 16 18 | 18.0

Action                   |  1- 3 |  4- 6 |  7- 9 | 10-12 | 13-15 | 16-18 | 19-21 || total
-------------------------+-------+-------+-------+-------+-------+-------+-------++-------
Melee: War axe           |   118 |   204 |   446 |   671 |  1181 |   332 |       ||  2952
       Bite              |       |       |       |       |    64 |   162 |   163 ||   389
       Broad axe         |       |       |       |       |       |   947 |   968 ||  1915
Invok: Animate Remains   |       |       |       |     4 |       |       |       ||     4
       Animate Dead      |       |       |       |    12 |    91 |    43 |    21 ||   167
       Recall Undead Sla |       |       |       |       |     1 |     4 |       ||     5
       Enslave Soul      |       |       |       |       |     1 |     1 |       ||     2
       Drain Life        |       |       |       |       |       |     1 |       ||     1
Evoke: Wand              |       |       |       |    10 |     1 |     1 |       ||    12
  Use: Scroll            |       |     6 |     7 |    11 |    13 |     5 |     4 ||    46
       Potion            |       |       |     3 |     1 |     6 |     3 |     3 ||    16
 Stab: Confused          |       |       |       |     1 |       |       |       ||     1
       Distracted        |       |       |       |     2 |    16 |    11 |     8 ||    37
       Paralysed         |       |       |       |       |     1 |       |     2 ||     3
  Eat: Chunk             |       |     2 |     7 |     7 |    37 |    11 |    13 ||    77
       Ration            |       |     2 |     2 |     7 |    12 |    13 |     5 ||    41
Armor: Scale mail        |     7 |       |       |       |       |       |       ||     7
       Chain mail        |    50 |   139 |   220 |    45 |       |       |       ||   454
       Skin              |       |       |    28 |       |    11 |       |       ||    39
       Plate armour      |       |       |       |   247 |   334 |   737 |   271 ||  1589
Dodge: Dodged            |    20 |    40 |    85 |    65 |   114 |   254 |   107 ||   685
Block: Shield            |    62 |   111 |   205 |   239 |   769 |  1062 |       ||  2448
       Reflection        |       |       |       |       |    33 |    28 |    87 ||   148
       Large shield      |       |       |       |       |       |   213 |  1017 ||  1230

Table legend:
 A = Non-vault XP
 B = Vault XP
 C = Vault XP percentage of total XP
 D = Non-vault monster count
 E = Vault monster count
 F = Vault count percentage of total count
                 A         B        C        D         E       F
            +---------+---------+-------+---------+---------+-------
      Total |  253484 |  239485 |  48.6 |    1036 |     521 |  33.5
            +---------+---------+-------+---------+---------+-------
        D:1 |      31 |       0 |   0.0 |      18 |       0 |   0.0
        D:2 |      80 |       0 |   0.0 |      22 |       0 |   0.0
        D:3 |     126 |       0 |   0.0 |      22 |       0 |   0.0
        D:4 |      51 |       0 |   0.0 |       3 |       0 |   0.0
        D:5 |     301 |      42 |  12.2 |       7 |       1 |  12.5
        D:6 |    1033 |     209 |  16.8 |      28 |       3 |   9.7
        D:7 |    1061 |     227 |  17.6 |      29 |       2 |   6.5
        D:8 |    1518 |     135 |   8.2 |      33 |       2 |   5.7
        D:9 |    4946 |    4399 |  47.1 |      42 |       8 |  16.0
       D:10 |    5207 |     820 |  13.6 |      26 |       1 |   3.7
       D:11 |    1071 |     817 |  43.3 |       8 |       4 |  33.3
       D:12 |    3318 |    9091 |  73.3 |      27 |      36 |  57.1
       D:13 |    4175 |       0 |   0.0 |      27 |       0 |   0.0
       D:14 |    7702 |    7823 |  50.4 |      38 |      21 |  35.6
       D:15 |   15236 |    4659 |  23.4 |      43 |      13 |  23.2
     Lair:1 |    2535 |    2187 |  46.3 |      16 |      14 |  46.7
     Lair:2 |    1345 |    1483 |  52.4 |       9 |       4 |  30.8
     Lair:3 |    6018 |       0 |   0.0 |      25 |       0 |   0.0
     Lair:4 |    5468 |     301 |   5.2 |      28 |       2 |   6.7
     Lair:5 |    8695 |    1763 |  16.9 |      23 |       4 |  14.8
     Lair:6 |    9431 |    7596 |  44.6 |      27 |      24 |  47.1
    Swamp:1 |   11398 |    4411 |  27.9 |      32 |       2 |   5.9
    Swamp:2 |    6655 |       0 |   0.0 |      29 |       0 |   0.0
    Swamp:3 |    5739 |    9482 |  62.3 |      24 |       9 |  27.3
    Swamp:4 |   11982 |   13113 |  52.3 |      44 |      34 |  43.6
   Spider:1 |   16900 |    6330 |  27.2 |      69 |      46 |  40.0
   Spider:2 |    8770 |       0 |   0.0 |      47 |       0 |   0.0
   Spider:3 |    7436 |   12796 |  63.2 |      30 |      36 |  54.5
   Spider:4 |    6880 |   20314 |  74.7 |      21 |      45 |  68.2
      Orc:1 |    2654 |    6877 |  72.2 |      39 |      19 |  32.8
      Orc:2 |    1207 |    4643 |  79.4 |       9 |      20 |  69.0
   Vaults:1 |   19409 |   23889 |  55.2 |      41 |      40 |  49.4
   Vaults:2 |   36238 |   40162 |  52.6 |      87 |      69 |  44.2
   Vaults:3 |   19496 |   21345 |  52.3 |      30 |      28 |  48.3
   Vaults:4 |   16448 |   34220 |  67.5 |      31 |      33 |  51.6
   Depths:1 |    2924 |       0 |   0.0 |       2 |       0 |   0.0
      IceCv |       0 |     351 | 100.0 |       0 |       1 | 100.0
            +---------+---------+-------+---------+---------+-------
